 Dungeon Crawl Stone Soup version 0.29-a0-994-gc5c9f59d18 (webtiles) character file.

Game seed: 17822674084987055333

156 xian the Magician (level 5, -1/41 HPs)
             Began as a Gnoll Wanderer on Aug 4, 2022.
             Splashed by a jelly's acid (6 damage)
             ... on level 4 of the Dungeon.
             The game lasted 00:11:56 (3171 turns).

xian the Magician (Gnoll Wanderer)                  Turns: 3171, Time: 00:11:56

Health: -1/41      AC:  7    Str:  8    XL:     5   Next: 38%
Magic:  4/14       EV: 13    Int: 11    God:
Gold:   180        SH:  0    Dex: 17    Spells: 15/18 levels left

rFire   . . .      SeeInvis .   l - +1 dagger (protect)
rCold   . . .      Faith    .   (no shield)
rNeg    . . .      Spirit   .   t - +0 leather armour
rPois   .          Reflect  .   (no helmet)
rElec   .          Harm     .   (no cloak)
rCorr   .          Rampage  .   k - +2 pair of gloves
Will    .....                   b - +0 pair of boots
Stlth   +++.......              (no amulet)
HPRegen 0.13/turn               (no ring)
MPRegen 0.14/turn               (no ring)

@: very slightly contaminated
A: fangs 1, strong nose, distributed training
a: no special abilities


You were on level 4 of the Dungeon.
You visited 1 branch of the dungeon, and saw 4 of its levels.

You collected 180 gold pieces.

Inventory:

Hand Weapons
 a - a +0 sling
 l - a +1 dagger of protection (weapon)
Missiles
 i - 14 poisoned darts
 u - a throwing net
Armour
 b - a +0 pair of boots (worn)
 k - a +2 pair of gloves (worn)
 t - a +0 leather armour (worn)
Scrolls
 d - 2 scrolls of fear {unknown}
 e - 2 scrolls of identify {unknown}
 f - a scroll of summoning {unknown}
 m - a scroll of brand weapon {unknown}
 p - 2 scrolls of teleportation {unknown}
 r - 2 scrolls of butterflies {unknown}
 s - a scroll of poison {unknown}
Potions
 c - 2 potions of heal wounds
 g - a potion of flight {unknown}
 h - 2 potions of might {unknown}
 j - 5 potions of curing {unknown}
 n - a potion of brilliance {unknown}
 o - 2 potions of ambrosia {unknown}
 q - a potion of cancellation {unknown}
 v - a potion of degeneration {unknown}
 w - a potion of resistance {unknown}


   Skills:
 + Level 3.0 Fighting
 + Level 1.5 Short Blades
 + Level 1.5 Long Blades
 + Level 1.5 Axes
 + Level 1.5 Maces & Flails
 + Level 1.5 Polearms
 + Level 1.5 Staves
 + Level 3.0 Ranged Weapons
 + Level 1.5 Throwing
 + Level 1.5 Armour
 + Level 4.8 Dodging
 + Level 4.4 Stealth
 + Level 1.5 Shields
 + Level 1.5 Unarmed Combat
 + Level 7.3 Spellcasting
 + Level 1.2 Conjurations
 + Level 1.2 Hexes
 + Level 1.2 Summonings
 + Level 1.2 Necromancy
 + Level 1.2 Translocations
 + Level 1.2 Transmutations
 + Level 1.2 Fire Magic
 + Level 1.2 Ice Magic
 + Level 1.2 Air Magic
 + Level 1.2 Earth Magic
 + Level 1.2 Poison Magic
 + Level 1.7 Invocations
 + Level 1.5 Evocations


You had 15 spell levels left.
You knew the following spells:

 Your Spells              Type           Power      Damage    Failure   Level
a - Summon Small Mammal   Summ           24%        N/A       14%         1
b - Call Imp              Summ           6%         N/A       22%         2

Your spell library contained the following spells:

 Spells                   Type           Power      Damage    Failure   Level
 Sublimation of Blood     Necr           6%         N/A       22%         2
 Tukima's Dance           Hex            6%         N/A       41%         3


Dungeon Overview and Level Annotations

Branches:
Dungeon (4/15)
 Temple: D:4-7

Altars:
Ru

Annotations:
D:4 Eustachio


Innate Abilities, Weirdness & Mutations

You have very sharp teeth.
Your uncanny sense of smell can sniff out nearby items.
Your experience applies equally to all skills.


Message History

The jelly closely misses you. The shadow imp closely misses you.
Eustachio hits you but does no damage.
Casting: Call Imp (safe; 22% risk of failure)
Confirm with . or Enter, or press ? or * to list all spells.
A beastly little devil appears in a puff of flame.
The jelly barely misses you. The river rat barely misses you.
The shadow imp barely misses you. Eustachio hits you but does no damage.
The jelly attacks as you move away! The jelly barely misses you.
The shadow imp hits you. The river rat closely misses you.
Eustachio hits you but does no damage.
Your crimson imp blinks!
You see here a hobgoblin corpse.
Casting: Call Imp (safe; 22% risk of failure)
Confirm with . or Enter, or press ? or * to list all spells.
The river rat barely misses you. The jelly hits you but does no damage.
The shadow imp hits you but does no damage.
Eustachio hits you with a +0 rapier. Eustachio attacks as you move away!
Eustachio hits you with a +0 rapier. The jelly attacks as you move away!
The jelly completely misses you.
The shadow imp attacks as you move away!
The shadow imp barely misses you.
Your bat hits the kobold but does no damage.
The river rat barely misses you. The kobold misses you.
Your bat hits the jelly.
Your bat is burned by acid!
Casting: Summon Small Mammal (safe; 14% risk of failure)
Confirm with . or Enter, or press ? or * to list all spells.
Your bat barely misses the kobold.
Your bat misses the kobold. The jelly hits you but does no damage.
The river rat bites you but does no damage.
The kobold barely misses you.
Eustachio hits your bat with a +0 rapier!
Your bat dies!
Your bat's corpse disappears in a puff of smoke!
Your bat closely misses Eustachio.
The river rat bites you!
* * * LOW HITPOINT WARNING * * *
The jelly hits you.
* * * LOW HITPOINT WARNING * * *
You are splashed with acid.
You die...

## #.#.... #.
.......
######.##..?..
............#
#.....b....#
#......@...#
#......K§..##
##....5.J....####.
.......5r@........
##..........#.....
............# ....
.##.####....# ..
... #.#### ..# #.#
.. ... ####


You could see Eustachio (ally target), a jelly (ally target), a river rat
(summoned), a shadow imp (summoned), a kobold, a friendly crimson imp (summoned)
and a friendly bat (summoned).

Vanquished Creatures
  6 adders
  A dart slug (D:1)
  4 orcs (D:3)
  6 bats
  2 endoplasms
  2 giant cockroaches (D:1)
  11 goblins
  13 hobgoblins
  2 jackals (D:3)
  3 kobolds
  5 ball pythons
  5 frilled lizards
  2 rats
62 creatures vanquished.

Vanquished Creatures (collateral kills)
  An adder (D:3)
  A worm (D:2)
  5 orcs (D:3)
  A giant cockroach (D:2)
  2 quokkas
  2 kobolds (D:1)
12 creatures vanquished.

Vanquished Creatures (others)
  A plant (D:1)
1 creature vanquished.

Grand Total: 75 creatures vanquished

Notes
Turn   | Place    | Note
-------+----------+-------------------------------------------
     0 | D:1      | xian the Gnoll Wanderer began the quest for the Orb.
     0 | D:1      | xian set off with the following items: a +0 sling, a +0
                  | pair of boots, a potion of heal wounds, a +0 robe; and the
                  | following spell memorised: Summon Small Mammal; and the
                  | following spells available to memorise: Call Imp,
                  | Sublimation of Blood, Tukima's Dance.
     0 | D:1      | Reached XP level 1. HP: 17/17 MP: 8/8
   243 | D:1      | Reached XP level 2. HP: 16/23 MP: 8/10
   580 | D:1      | Reached XP level 3. HP: 23/28 MP: 9/11
   680 | D:1      | Learned a level 2 spell: Call Imp
  1197 | D:2      | Reached skill level 1 in Invocations
  1546 | D:2      | Reached skill level 1 in Short Blades
  1546 | D:2      | Reached skill level 1 in Long Blades
  1546 | D:2      | Reached skill level 1 in Axes
  1546 | D:2      | Reached skill level 1 in Maces & Flails
  1546 | D:2      | Reached skill level 1 in Polearms
  1546 | D:2      | Reached skill level 1 in Staves
  1546 | D:2      | Reached skill level 1 in Throwing
  1546 | D:2      | Reached skill level 1 in Armour
  1546 | D:2      | Reached skill level 1 in Shields
  1546 | D:2      | Reached skill level 1 in Unarmed Combat
  1546 | D:2      | Reached skill level 1 in Evocations
  1941 | D:2      | Reached XP level 4. HP: 29/34 MP: 10/13
  2306 | D:3      | Reached skill level 1 in Conjurations
  2306 | D:3      | Reached skill level 1 in Hexes
  2306 | D:3      | Reached skill level 1 in Summonings
  2306 | D:3      | Reached skill level 1 in Necromancy
  2306 | D:3      | Reached skill level 1 in Translocations
  2306 | D:3      | Reached skill level 1 in Transmutations
  2306 | D:3      | Reached skill level 1 in Fire Magic
  2306 | D:3      | Reached skill level 1 in Ice Magic
  2306 | D:3      | Reached skill level 1 in Air Magic
  2306 | D:3      | Reached skill level 1 in Earth Magic
  2306 | D:3      | Reached skill level 1 in Poison Magic
  2346 | D:3      | Found a faded altar of an unknown god.
  2500 | D:3      | Reached XP level 5. HP: 32/40 MP: 9/14
  2894 | D:3      | Found a sacrificial altar of Ru.
  3146 | D:4      | Noticed Eustachio
  3171 | D:4      | Splashed by a jelly's acid

Illustrated notes

Levels and vault maps discovered:
D:1:      tarquinn_simple_flora_water_b, layout_loops_ring
D:2:      minmay_angry_zag, layout_loops_ring
D:3:      layout_rooms, nicolae_ru_sacrificial_ziggurat,
          hellmonk_ecumenical_altar_lost_god
D:4:      layout_rooms, uniq_natasha, uniq_eustachio

Skill      XL: |  1  2  3  4  5 |
---------------+----------------+-----
Invocations    | 1 |  1.7
Short Blades   | 1 |  1.5
Long Blades    | 1 |  1.5
Axes           | 1 |  1.5
Maces & Flails | 1 |  1.5
Polearms       | 1 |  1.5
Staves         | 1 |  1.5
Throwing       | 1 |  1.5
Armour         | 1 |  1.5
Shields        | 1 |  1.5
Unarmed Combat | 1 |  1.5
Evocations     | 1 |  1.5
Conjurations   | 1 |  1.2
Hexes          | 1 |  1.2
Summonings     | 1 |  1.2
Necromancy     | 1 |  1.2
Translocations | 1 |  1.2
Transmutations | 1 |  1.2
Fire Magic     | 1 |  1.2
Ice Magic      | 1 |  1.2
Air Magic      | 1 |  1.2
Earth Magic    | 1 |  1.2
Poison Magic   | 1 |  1.2
Fighting       | 3 |  3.0
Ranged Weapons | 3 |  3.0
Dodging        | |  4.8
Stealth        | |  4.4
Spellcasting   | |  7.3

Action                   |  1- 3 |  4- 6 || total
-------------------------+-------+-------++-------
Melee: Dagger            |       |    28 ||    28
       Bite              |       |     1 ||     1
 Fire: Sling             |   156 |    76 ||   232
 Cast: Summon Small Mamm |    28 |    13 ||    41
       Call Imp          |       |     8 ||     8
 Stab: Sleeping          |       |     1 ||     1
Armor: Robe              |    31 |     3 ||    34
       Leather armour    |       |    51 ||    51
Dodge: Dodged            |    86 |   121 ||   207

Table legend: (Time is in decaauts)
 A = Elapsed time spent in this place.
 B = Non-inter-level travel time spent in this place.
 C = Inter-level travel time spent in this place.
 D = Time resting spent in this place.
 E = Time spent auto-exploring this place.
 F = Levels seen in this place.
 G = Mean time per level.
                   A        B        C        D        E       F      G
               +--------+--------+--------+--------+--------+-----+--------+
         Total |   3231 |   3160 |     71 |      0 |   2422 |   4 |  807.8 |
       Dungeon |   3231 |   3160 |     71 |      0 |   2422 |   4 |  807.8 |
               +--------+--------+--------+--------+--------+-----+--------+

Top non-repeatable levels by time:
     D:1: 1199 daAuts
     D:2: 1113 daAuts
     D:3: 894 daAuts
     D:4: 25 daAuts
